Map: Dasan Station LE

Players

Elazer

  • Race: Zerg Zerg

puCK (Nina) - Winner!

  • Race: Protoss Protoss
  • League: Diamond

Event: IEM Season 11 - Shanghai

VOD

Have the link to the VOD?

Description

Time

  • Played on: July 28, 2016, 7:07 a.m.
  • Length: 5:31

All games in this series

Show
View Real Time Build Order
Export as new Build Order

Elazer Zerg 

Build Orders: Hatch First 

Get SALT Encoding   

  12  0:00  Drone  
  13  0:14  Overlord  
  13  0:18  Drone  
  14  0:32  Drone x2  
  16  0:37  Drone  
  17  0:52  Hatchery  
  17  0:55  Drone  
  17  0:58  Drone  
  18  1:08  Extractor  
  17  1:12  Spawning Pool  
  17  1:15  Drone  
  17  1:19  Drone  
  18  1:30  Drone  
  19  1:41  Overlord  
  19  1:59  Queen  
  19  2:00  Zergling x2  
  22  2:02  Zergling x2  
  22  2:04  Queen  
  22  2:05  Zergling x2  
  26  2:11  Metabolic Boost  
  26  2:14  Zergling x2  
  27  2:17  Zergling x2  
  28  2:34  Zergling x2  
  28  2:36  Queen  
  31  2:39  Zergling x2  
  31  2:40  Overlord  
  32  2:47  Pneumatized Carapace  
  32  2:53  Evolution Chamber  
  30  3:00  Zergling x6  
  32  3:09  Zergling x8  
  32  3:12  Zergling x2  
  37  3:15  Zergling x2  
  37  3:27  Zergling x2  
  37  3:29  Zergling x2  
  38  3:44  Zergling x6  
  36  3:56  Zergling x4  
  36  3:57  Zergling x2  
  36  4:02  Zergling x2  
  32  4:14  Zergling x6  
  35  4:19  Zergling x2  
  35  4:28  Zergling x4  
  35  4:38  Zergling x2  
  34  4:48  Zergling x2  
  35  4:55  Zergling x2  
  33  5:08  Zergling x6  
  33  5:13  Zergling x2  
Show
View Real Time Build Order
Export as new Build Order

puCK Protoss - Winner!

Build Orders: 1 Gate Expand 

Get SALT Encoding   

  12  0:00  Probe (Chrono Boost)  
  13  0:11  Probe (Chrono Boost)  
  14  0:17  Pylon  
  14  0:22  Probe (Chrono Boost)  
  16  0:35  Probe (Chrono Boost)  
  16  0:36  Gateway  
  16  0:44  Assimilator  
  16  0:46  Probe (Chrono Boost)  
  17  0:56  Probe (Chrono Boost)  
  18  1:07  Probe (Chrono Boost)  
  19  1:18  Probe (Chrono Boost)  
  20  1:23  Cybernetics Core  
  20  1:28  Probe (Chrono Boost)  
  21  1:39  Probe (Chrono Boost)  
  22  1:42  Nexus  
  22  1:48  Pylon  
  22  1:50  Warp Gate  
  22  1:51  Probe (Chrono Boost)  
  23  1:57  Assimilator  
  23  2:03  Adept  
  27  2:17  Mothership Core (Chrono Boost)  
  27  2:29  Adept  
  30  2:37  Probe (Chrono Boost)  
  30  2:40  Twilight Council  
  30  2:48  Gateway  
  30  2:50  Probe (Chrono Boost)  
  31  2:52  Gateway  
  31  2:58  Probe (Chrono Boost)  
  32  3:01  Adept  
  35  3:06  Probe (Chrono Boost)  
  35  3:08  Resonating Glaives  
  35  3:16  Pylon  
  35  3:17  Pylon  
  35  3:39  Pylon  
  35  3:49  Pylon  
  35  3:52  Pylon  
  35  3:53  Adept x3  
  39  4:06  Pylon x2  
  39  4:15  Pylon  
  39  4:22  Adept  
  39  4:23  Pylon  
  40  4:29  Pylon  
  34  4:34  Probe (Chrono Boost)  
  31  4:43  Probe (Chrono Boost)  
  33  4:46  Probe (Chrono Boost)  
  32  4:54  Sentry  
  32  4:55  Probe (Chrono Boost)  
  36  5:00  Probe (Chrono Boost)  
  36  5:04  Sentry  
  38  5:09  Probe (Chrono Boost)  
  38  5:12  Sentry  
  41  5:19  Sentry  

Tags
 
Add a new tag
Caveats
  • Supply blocks, unpowered buildings, or Contaminate may cause inaccurate times.
  • Supply counts are checked every 10 seconds.